Description

PartinG's build order versus Ty on 1/4 final Iem Katowice 2021 2nd pylon & gate are proxy Chronoboost are only for keys upgrades & units : 1) Warp - 1st Adept 2) Blink 3) +1 Weapon Ground - Charge 4) Colossus x3

VOD

https://www.youtube.com/watch?v=JDxSOvV_cg4

Replay - PartinG v TYTY: Game 1 - Lightshade LE

Build Order

Get SALT Encoding   

  12  0:00  Probe  
  13  0:12  Probe  
  14  0:17  Pylon  
  14  0:24  Probe  
  15  0:36  Probe  
  15  0:37  Gateway  
  16  0:48  Probe  
  17  1:06  Nexus  
  17  1:11  Assimilator  
  17  1:14  Probe  
  18  1:24  Cybernetics Core  
  18  1:27  Probe  
  19  1:33  Pylon  
  19  1:39  Probe  
  20  1:51  Probe, Gateway  
  21  1:54  Warp Gate (Chrono Boost)  
  21  1:59  Adept (Chrono Boost)  
  23  2:15  Probe x2  
  24  2:21  Gateway  
  25  2:25  Stalker  
  27  2:30  Probe x2  
  29  2:38  Adept  
  29  2:42  Probe x2  
  33  2:48  Pylon  
  33  2:54  Probe x2  
  35  3:06  Probe x2  
  37  3:20  Adept x3  
  37  3:22  Probe x2  
  37  3:23  Shield Battery x2  
  45  3:43  Stalker x2  
  45  3:45  Probe x2  
  51  3:51  Adept  
  53  3:55  Assimilator x3  
  53  3:57  Probe  
  53  4:00  Pylon x2  
  54  4:07  Probe  
  54  4:19  Probe x2  
  56  4:25  Pylon  
  56  4:26  Twilight Council  
  56  4:31  Probe x2  
  56  4:39  Stalker x3  
  56  4:43  Probe x2  
  64  4:55  Probe x2, Blink (Chrono Boost)  
  58  5:07  Probe x2  
  58  5:09  Robotics Facility  
  60  5:16  Stalker x3  
  60  5:19  Pylon  
  66  5:24  Probe x2  
  64  5:36  Nexus  
  64  5:39  Probe x2  
  65  5:48  Stalker x2  
  69  5:53  Probe x2  
  69  5:55  Stalker  
  73  5:59  Observer  
  73  6:03  Robotics Bay  
  74  6:06  Probe x2  
  76  6:12  Stalker x2  
  76  6:17  Forge  
  80  6:20  Stalker  
  80  6:24  Probe x2  
  84  6:27  Observer  
  84  6:32  Charge (Chrono Boost)  
  85  6:34  Pylon x2  
  85  6:37  Probe  
  86  6:45  Protoss Ground Weapons Level 1 (Chrono Boost)  
  86  6:46  Observer x2  
  86  6:47  Probe x3  
  90  6:54  Stalker x3  
  90  7:00  Probe x3  
  98  7:08  Colossus (Chrono Boost)  
  99  7:12  Probe  
  106  7:17  Gateway x2  
  106  7:18  Observer  
  106  7:22  Gateway x2  
  106  7:35  Gateway  
  102  7:41  Probe  
  97  7:45  Colossus (Chrono Boost)  
  97  7:48  Pylon x3  
  103  8:00  Probe x3  
  103  8:03  Zealot x3  
  112  8:07  Nexus  
  112  8:08  Pylon  
  112  8:10  Photon Cannon  
  112  8:13  Shield Battery  
  112  8:25  Colossus (Chrono Boost)  
  112  8:28  Probe x3  
  119  8:35  Zealot x8  
  135  8:45  Observer  
  135  8:48  Probe x3  
  135  8:50  Photon Cannon  
  136  8:57  Stalker x2  
  139  9:03  Stalker  
  139  9:08  Zealot  
  140  9:15  Zealot x4  
  112  9:24  Stalker x2  
  112  9:32  Sentry x2  
  112  9:36  Probe x3  
  112  9:37  Zealot x2  
  123  9:44  Zealot x2  
  120  9:53  Zealot x2  
Spawning Tool Build Advisor. Get it on Overwolf

Go to:

Details

  • Created by: Valerian
  • Published on: Mar 01, 2021
  • Modified on: Mar 01, 2021
  • Patch: 4.11.0
  • Difficulty: Medium
Show
View Real Time Build Order
Export as new Build Order

Comments (0)

There are no comments. Be the first!

Create an account to comment!